 Dungeon Crawl Stone Soup version 0.28-a0-1505-g8c907de6ad (webtiles) character file.

Game seed: 11823708946674709408

1541 sanka the Conjurer (level 8, 0/59 HPs)
             Began as a Gnoll Conjurer on Jan 13, 2022.
             Slain by Sigmund (7 damage)
             ... on level 4 of the Dungeon.
             The game lasted 00:10:04 (5931 turns).

sanka the Conjurer (Gnoll Conjurer)                 Turns: 5931, Time: 00:10:04

Health: 0/59       AC:  4    Str:  9 (10) XL:     8   Next: 86%
Magic:  16/17      EV: 13    Int: 21 (23) God:
Gold:   229        SH:  0    Dex:  9 (10) Spells: 12/19 levels left

rFire   + . .      SeeInvis .   w - +5 rapier "Rees" {flame, Int+3}
rCold   . . .      Faith    .   (no shield)
rNeg    . . .      Spirit   .   m - +2 robe of Duck's Teeth {Str+3}
rPois   +          Reflect  +   (no helmet)
rElec   .          Harm     .   (no cloak)
rCorr   .          Rampage  .   (no gloves)
Will    .....                   (no boots)
Stlth   +.........              l - amulet of reflection
HPRegen 0.19/turn               j - ring of protection from fire
MPRegen 0.15/turn               f - ring of poison resistance

@: confused, ambrosia-drunk, attractive
A: fangs 1, strong nose, distributed training
a: no special abilities


You were on level 4 of the Dungeon.
You visited 1 branch of the dungeon, and saw 6 of its levels.

You collected 229 gold pieces.


Innate Abilities, Weirdness & Mutations

You have very sharp teeth.
Your uncanny sense of smell can sniff out nearby items.
Your experience applies equally to all skills.


   Skills:
 + Level 3.6 Fighting
 + Level 3.6 Short Blades
 + Level 3.6 Long Blades
 + Level 3.6 Axes
 + Level 3.6 Maces & Flails
 + Level 3.6 Polearms
 + Level 3.6 Staves
 + Level 3.6 Slings
 + Level 3.6 Bows
 + Level 3.6 Crossbows
 + Level 3.6 Throwing
 + Level 3.6 Armour
 + Level 5.9 Dodging
 + Level 5.6 Stealth
 + Level 3.6 Shields
 + Level 3.6 Unarmed Combat
 + Level 6.2 Spellcasting
 + Level 7.8 Conjurations
 + Level 3.0 Hexes
 + Level 3.0 Summonings
 + Level 3.0 Necromancy
 + Level 3.0 Translocations
 + Level 3.0 Transmutations
 + Level 3.0 Fire Magic
 + Level 3.0 Ice Magic
 + Level 3.0 Air Magic
 + Level 3.0 Earth Magic
 + Level 3.0 Poison Magic
 + Level 4.0 Invocations
 + Level 3.6 Evocations


You had 12 spell levels left.
You knew the following spells:

 Your Spells              Type           Power      Damage    Failure   Level
c - Sticky Flame          Conj/Fire      29%        2d5       11%         4
x - Searing Ray           Conj           78%        2d7       1%          2
z - Magic Dart            Conj           100%       1d8       1%          1

Your spell library contained the following spells:

 Spells                   Type           Power      Damage    Failure   Level
 Animate Skeleton         Necr           38%        N/A       2%          1
 Apportation              Tloc           38%        N/A       2%          1
 Summon Small Mammal      Summ           76%        N/A       2%          1
 Conjure Flame            Conj/Fire      29%        6-21      3%          3
 Dazzling Flash           Conj/Hex       58%        N/A       3%          3
 Ignite Poison            Fire/Tmut/Pois 19%        N/A       9%          3
 Inner Flame              Hex/Fire       19%        N/A       9%          3
 Fulminant Prism          Conj/Hex       14%        3d9       11%         4
 Iskenderun's Mystic Bla  Conj/Tloc      29%        2d7       11%         4
 Cause Fear               Hex            9%         N/A       28%         4
 Discord                  Hex            9%         N/A       100%        8

Inventory:

Hand Weapons
 r - a +0 morningstar
 s - a +2 whip of electrocution
 t - the +1 mace "Zyuntain" {vamp, Fly rElec}

   It occasionally heals its wielder for a portion of the damage dealt when it
   wounds a living foe.
   rElec:     It insulates you from electricity.
   Fly:       It grants you flight.
 w - the +5 rapier "Rees" (weapon) {flame, Int+3}

   It burns those it strikes, dealing additional fire damage.
   Int:       It affects your intelligence (+3).
Armour
 m - the +2 robe of Duck's Teeth (worn) {Str+3}

   Str:       It affects your strength (+3).
Jewellery
 f - a ring of poison resistance (right hand)
 j - a ring of protection from fire (left hand)
 l - an amulet of reflection (around neck)
 q - an amulet of faith
 v - an amulet of magic regeneration
Wands
 k - a wand of acid (1)
Scrolls
 a - a scroll of torment {unknown}
 d - 9 scrolls of identify {unknown}
 e - a scroll of silence {unknown}
 g - 3 scrolls of teleportation {unknown}
 h - a scroll of magic mapping {unknown}
 o - a scroll of immolation {unknown}
 u - a scroll of summoning {unknown}
Potions
 b - a potion of mutation {unknown}
 c - a potion of ambrosia
 n - a potion of attraction {!q}
 p - a potion of degeneration {!q}

Dungeon Overview and Level Annotations

Branches:
Dungeon (6/15)
 Temple: D:4-7

Altars:

Annotations:
D:5 Sigmund

...▒▒.....▒...........▒
▒▒▒▒▒.....▒▒▒.........▒
...▒.......▒▒.........▒
...▒.......▒▒.▒.)>).▒.▒
...▒.....(.▒▒.........▒
...▒..▒.▒..▒▒▒▒▒.....▒▒
.....▒...▒.▒ ▒#▒▒▒▒▒
...▒.▒▒.▒▒.▒ ▒[▒
...▒.......▒▒▒▒▒g▒
...▒.▒▒.▒▒[......▒
▒..▒.▒▒.▒▒..▒▒▒▒▒▒
▒..▒.▒▒.▒▒..▒
>...........▒▒▒▒▒▒▒▒▒
▒▒▒▒▒
▒▒▒▒.......▒▒.......▒
▒...▒▒▒
▒▒▒..>▒▒▒▒.▒▒▒▒▒.▒
▒...... ▒...▒ ▒.▒▒▒▒▒.▒
▒...▒▒▒ ▒ ▒...▒
▒.▒▒....▒▒▒▒▒▒▒▒.▒▒


There were no monsters in sight!


Message History

Aiming: Searing Ray (safe; 1% risk of failure)
Okay, then.
Aiming: Sticky Flame (dangerous; 9% risk of failure)
You feel sick. Something hits you!
* * * LOW HITPOINT WARNING * * *
It was a potion of degeneration.
There was something very wrong with that liquid.
You feel weakened.
You feel dopey.
You feel clumsy.
You feel sick.
You are no longer poisoned.
Unknown command.
It was a potion of attraction.
You feel attractive to monsters. You block something's attack.
Something is attracted toward you.
It was a potion of ambrosia.
You are confused.
You feel invigorated. Something hits you.
* * * LOW HITPOINT WARNING * * *
You bump into the rock wall.
Something hits you!
* * * LOW HITPOINT WARNING * * *
Something is attracted toward you.
You're too confused to move!
Something hits you!
You die...

Action                   |  1- 3 |  4- 6 |  7- 9 || total
-------------------------+-------+-------+-------++-------
Melee: Unarmed           |     1 |     1 |       ||     2
       Flail             |       |       |     1 ||     1
       Whip              |       |       |    17 ||    17
       Rapier            |       |       |     2 ||     2
       Bite              |       |       |     1 ||     1
 Cast: Magic Dart        |    55 |    69 |    52 ||   176
       Searing Ray       |       |     8 |    26 ||    34
       Sticky Flame      |       |       |     4 ||     4
  Use: Potion            |       |       |     4 ||     4
 Stab: Sleeping          |       |       |     1 ||     1
Armor: Robe              |     1 |    13 |    11 ||    25
Dodge: Dodged            |     2 |    33 |    50 ||    85
Block: Other             |       |       |    18 ||    18
       Reflection        |       |       |     1 ||     1

Levels and vault maps discovered:
D:1:      scummos_arrival_star, layout_rooms
D:2:      layout_basic
D:3:      layout_basic
D:4:      layout_loops_cross, st_stairs_2, minmay_bisected, uniq_pikel
D:5:      layout_cave_pools, uniq_sigmund, uniq_crazy_yiuf_cottage
D:6:      minmay_octagon_keep, layout_basic, nemelex_altar_shiori, st_stairs_10,
          uniq_menkaure

Notes
Turn   | Place    | Note
-------+----------+-------------------------------------------
     0 | D:1      | sanka the Gnoll Conjurer began the quest for the Orb.
     0 | D:1      | Reached XP level 1. HP: 13/13 MP: 6/6
    91 | D:1      | Reached XP level 2. HP: 20/20 MP: 1/7
   156 | D:1      | Learned a level 2 spell: Searing Ray
   323 | D:1      | Reached XP level 3. HP: 25/25 MP: 6/9
   377 | D:1      | Reached skill level 5 in Spellcasting
   922 | D:2      | Reached skill level 1 in Invocations
  1006 | D:2      | Reached skill level 1 in Fighting
  1006 | D:2      | Reached skill level 1 in Short Blades
  1006 | D:2      | Reached skill level 1 in Long Blades
  1006 | D:2      | Reached skill level 1 in Axes
  1006 | D:2      | Reached skill level 1 in Maces & Flails
  1006 | D:2      | Reached skill level 1 in Polearms
  1006 | D:2      | Reached skill level 1 in Staves
  1006 | D:2      | Reached skill level 1 in Slings
  1006 | D:2      | Reached skill level 1 in Bows
  1006 | D:2      | Reached skill level 1 in Crossbows
  1006 | D:2      | Reached skill level 1 in Throwing
  1006 | D:2      | Reached skill level 1 in Armour
  1006 | D:2      | Reached skill level 1 in Shields
  1006 | D:2      | Reached skill level 1 in Unarmed Combat
  1006 | D:2      | Reached skill level 1 in Evocations
  1098 | D:2      | Reached XP level 4. HP: 32/32 MP: 6/11
  1691 | D:6      | Noticed a phantom
  1699 | D:6      | Killed a phantom
  1700 | D:6      | Reached skill level 1 in Hexes
  1700 | D:6      | Reached skill level 1 in Summonings
  1700 | D:6      | Reached skill level 1 in Necromancy
  1700 | D:6      | Reached skill level 1 in Translocations
  1700 | D:6      | Reached skill level 1 in Transmutations
  1700 | D:6      | Reached skill level 1 in Fire Magic
  1700 | D:6      | Reached skill level 1 in Ice Magic
  1700 | D:6      | Reached skill level 1 in Air Magic
  1700 | D:6      | Reached skill level 1 in Earth Magic
  1700 | D:6      | Reached skill level 1 in Poison Magic
  1700 | D:6      | Reached XP level 5. HP: 34/37 MP: 3/12
  1927 | D:6      | Reached skill level 2 in Invocations
  1927 | D:6      | Reached XP level 6. HP: 43/44 MP: 7/13
  1978 | D:5      | Entered Level 5 of the Dungeon
  2084 | D:5      | Noticed a black bear
  2094 | D:5      | Noticed a sky beast
  2127 | D:4      | Noticed Pikel
  2445 | D:3      | Identified the +2 robe of Duck's Teeth {Str+3}
  2591 | D:3      | Reached skill level 5 in Dodging
  3023 | D:3      | Reached skill level 2 in Fighting
  3023 | D:3      | Reached skill level 2 in Short Blades
  3023 | D:3      | Reached skill level 2 in Long Blades
  3023 | D:3      | Reached skill level 2 in Axes
  3023 | D:3      | Reached skill level 2 in Maces & Flails
  3023 | D:3      | Reached skill level 2 in Polearms
  3023 | D:3      | Reached skill level 2 in Staves
  3023 | D:3      | Reached skill level 2 in Slings
  3023 | D:3      | Reached skill level 2 in Bows
  3023 | D:3      | Reached skill level 2 in Crossbows
  3023 | D:3      | Reached skill level 2 in Throwing
  3023 | D:3      | Reached skill level 2 in Armour
  3023 | D:3      | Reached skill level 2 in Shields
  3023 | D:3      | Reached skill level 2 in Unarmed Combat
  3023 | D:3      | Reached skill level 2 in Evocations
  3629 | D:4      | Reached XP level 7. HP: 47/50 MP: 5/15
  3849 | D:4      | Reached skill level 2 in Hexes
  3849 | D:4      | Reached skill level 2 in Summonings
  3849 | D:4      | Reached skill level 2 in Necromancy
  3849 | D:4      | Reached skill level 2 in Translocations
  3849 | D:4      | Reached skill level 2 in Transmutations
  3849 | D:4      | Reached skill level 2 in Fire Magic
  3849 | D:4      | Reached skill level 2 in Ice Magic
  3849 | D:4      | Reached skill level 2 in Air Magic
  3849 | D:4      | Reached skill level 2 in Earth Magic
  3849 | D:4      | Reached skill level 2 in Poison Magic
  4267 | D:4      | Reached skill level 5 in Stealth
  4763 | D:4      | Killed Pikel
  4764 | D:4      | Reached skill level 3 in Fighting
  4764 | D:4      | Reached skill level 3 in Short Blades
  4764 | D:4      | Reached skill level 3 in Long Blades
  4764 | D:4      | Reached skill level 3 in Axes
  4764 | D:4      | Reached skill level 3 in Maces & Flails
  4764 | D:4      | Reached skill level 3 in Polearms
  4764 | D:4      | Reached skill level 3 in Staves
  4764 | D:4      | Reached skill level 3 in Slings
  4764 | D:4      | Reached skill level 3 in Bows
  4764 | D:4      | Reached skill level 3 in Crossbows
  4764 | D:4      | Reached skill level 3 in Throwing
  4764 | D:4      | Reached skill level 3 in Armour
  4764 | D:4      | Reached skill level 3 in Shields
  4764 | D:4      | Reached skill level 3 in Unarmed Combat
  4764 | D:4      | Reached skill level 6 in Spellcasting
  4764 | D:4      | Reached skill level 3 in Invocations
  4764 | D:4      | Reached skill level 3 in Evocations
  4764 | D:4      | Reached XP level 8. HP: 20/58 MP: 3/17
  5155 | D:4      | Identified the +1 mace "Zyuntain" {vamp, Fly rElec}
  5636 | D:4      | Identified the +5 rapier "Rees" {flame, Int+3}
  5644 | D:4      | Learned a level 4 spell: Sticky Flame
  5684 | D:5      | Noticed Sigmund
  5919 | D:4      | HP: 3/58 [something (8)]
  5920 | D:4      | HP: 1/58 [poisoned by a water moccasin]
  5921 | D:4      | Reached skill level 3 in Hexes
  5921 | D:4      | Reached skill level 3 in Summonings
  5921 | D:4      | Reached skill level 3 in Necromancy
  5921 | D:4      | Reached skill level 3 in Translocations
  5921 | D:4      | Reached skill level 3 in Transmutations
  5921 | D:4      | Reached skill level 3 in Fire Magic
  5921 | D:4      | Reached skill level 3 in Ice Magic
  5921 | D:4      | Reached skill level 3 in Air Magic
  5921 | D:4      | Reached skill level 3 in Earth Magic
  5921 | D:4      | Reached skill level 3 in Poison Magic
  5921 | D:4      | Reached skill level 4 in Invocations
  5926 | D:4      | HP: 5/59 [poisoned by a water moccasin]
  5930 | D:4      | HP: 2/59 [something (12)]
  5931 | D:4      | Slain by Sigmund

Vanquished Creatures
  Pikel (D:4)
  A steam dragon (D:4)
  A water moccasin (D:4)
  A black bear (D:4)
  An ogre (D:3)
  3 lemures
  2 phantoms
  A kobold brigand (D:4)
  A centaur zombie (D:6)
  A centaur skeleton (D:6)
  4 hounds
  2 orc priests
  A gnoll shaman (D:4)
  2 iguanas
  A hound skeleton (D:4)
  4 gnolls
  2 adders
  An ufetubus (D:6)
  2 worms
  3 dart slugs
  15 orcs
  14 endoplasms
  2 giant cockroaches
  4 goblins
  7 hobgoblins
  2 quokkas (D:1)
  5 ball pythons
  4 bats
  4 frilled lizards
  7 kobolds
  5 rats
104 creatures vanquished.
